 Dungeon Crawl Stone Soup version 0.28-a0-1485-g077359a4bf (webtiles) character file.

Game seed: 4676458190946916049

1533 kae the Changer (level 8, -6/70 HPs)
             Began as a Red Draconian Transmuter on Jan 11, 2022.
             Mangled by Maggie (8 damage)
             ... on level 6 of the Dungeon.
             The game lasted 00:05:21 (7966 turns).

kae the Changer (Red Draconian Transmuter)          Turns: 7966, Time: 00:05:21

Health: -6/70      AC: 11    Str: 13    XL:     8   Next: 55%
Magic:  13/15      EV: 10    Int: 16    God:
Gold:   247        SH:  0    Dex: 11    Spells: 8/16 levels left

rFire   x . .      SeeInvis .     - Unarmed
rCold   + + +      Faith    .   (shield currently unavailable)
rNeg    . . .      Spirit   .   (armour unavailable)
rPois   +          Reflect  .   (helmet currently unavailable)
rElec   .          Harm     .   (cloak currently unavailable)
rCorr   .          Rampage  .   (gloves currently unavailable)
Will    +....                   (boots currently unavailable)
Stlth   +.........              (no amulet)
HPRegen 0.21/turn               l - +4 ring of protection
MPRegen 0.14/turn               f - ring of willpower

@: ice-form, mesmerised
A: freezing attack, amphibious, boosted hp, (breathe fire), AC +6, large,
unfitting armour, (fire resistance 1), (cold-blooded)
a: End Transformation


You were on level 6 of the Dungeon.
You were a creature of crystalline ice.
You visited 2 branches of the dungeon, and saw 7 of its levels.

You collected 247 gold pieces.

Inventory:

Missiles
 p - 4 throwing nets
Armour
 h - a +0 pair of boots (melded)
Jewellery
 a - a +6 ring of dexterity
 f - a ring of willpower (right front paw)
 k - a ring of flight
 l - a +4 ring of protection (left front paw)
 n - a +4 ring of evasion
Wands
 m - a wand of mindburst (8)
Scrolls
 c - a scroll of blinking
 j - 3 scrolls of teleportation
 q - a scroll of enchant weapon
Potions
 b - a potion of brilliance {unknown}
 d - 2 potions of might
 e - a potion of haste
 g - 3 potions of attraction
 i - a potion of ambrosia {unknown}
 o - 2 potions of curing {unknown}
 r - 2 potions of cancellation {unknown}


   Skills:
 + Level 1.1 Fighting
 + Level 1.8 Dodging
 * Level 3.0 Unarmed Combat
 + Level 4.9 Spellcasting
 * Level 7.3 Transmutations
 - Level 5.0 Ice Magic
 - Level 1.0 Poison Magic


You had 8 spell levels left.
You knew the following spells:

 Your Spells              Type           Power      Damage    Failure   Level
a - Beastly Appendage     Tmut           54%        N/A       1%          1
b - Spider Form           Tmut/Pois      17%        N/A       9%          3
c - Ice Form              Ice/Tmut       23%        N/A       12%         4

Your spell library contained the following spells:

 Spells                   Type           Power      Damage    Failure   Level
 Wereblood                Tmut           27%        N/A       1%          2
 Confusing Touch          Hex            3%         N/A       43%         3
 Yara's Violent Unravell  Hex/Tmut       7%         3d5       67%         5
 Enfeeble                 Hex            1%         N/A       100%        7


Dungeon Overview and Level Annotations

Branches:
Dungeon (6/15)             Temple (1/1) D:5

Altars:
Ashenzari
Cheibriados
Dithmenos
Elyvilon
Fedhas
Gozag
Hepliaklqana
Kikubaaqudgha
Nemelex Xobeh
Okawaru
Qazlal
Trog
Uskayaw
Vehumet
Wu Jian
Xom
Yredelemnul
Zin
The Shining One

Shops:
D:1 [   D:6 [

Annotations:
D:4 1 runed translucent door, Hasart's ghost, amateur OpFi; Pikel
D:6 Maggie


Innate Abilities, Weirdness & Mutations

You are a creature of crystalline ice.
You have a powerful freezing melee attack.
You are amphibious.
Your maximum health is increased.
Your armour is entirely melded.
You are incapable of wielding weapons or throwing items.
((You can breathe blasts of fire.))
((Your fiery red scales are hard. (AC +6)))
You cannot fit into any form of body armour.
((Your flesh is heat resistant. (rF+)))
((You are cold-blooded and may be slowed by cold attacks.))


Message History

You barely miss Maggie.
Maggie is moderately wounded.
Maggie closely misses you.
You hit Maggie. You freeze Maggie.
Maggie is heavily wounded.
Maggie barely misses you.
You hit Maggie. You freeze Maggie.
Maggie is heavily wounded.
Maggie gestures at you while chanting. The bolt of fire misses you.
You hit Maggie but do no damage.
Maggie is heavily wounded.
Maggie says, "Did Master Lance send you?"
Maggie barely misses you.
You punch Maggie! You freeze Maggie.
Maggie is severely wounded.
Maggie points at you and mumbles some strange words.
The bolt of fire misses you.
You barely miss Maggie.
Maggie is severely wounded.
Maggie completely misses you.
You barely miss Maggie.
Maggie is severely wounded.
Maggie mumbles some strange words.
Maggie attempts to bespell you!
You are mesmerised by Maggie!
You barely miss Maggie.
Maggie is severely wounded.
Maggie casts a spell at you. The bolt of fire hits you!!!
The fire burns you terribly!
Ouch! That really hurt!
You hit Maggie. You freeze Maggie.
Maggie is severely wounded.
Maggie points at you and mumbles some strange words.
The bolt of fire hits you!! The fire burns you terribly!
* * * LOW HITPOINT WARNING * * *
You hit Maggie but do no damage.
Maggie is severely wounded.
Maggie hits you with a +0 scimitar!
You die...

..###....##'####......#
..###....##....#......#
.........#......#######
.........######.#
.........#......#
.........#......#
.........#......#
#'###...##......#######
...##...#.....##Y...).#
...'....#.....#..@....#
...#..<.#.....#..#....#
...####.#.....####..$.#
......####### ####
).....# ......# ......#
......#


You could see Maggie (mesmerising).

Vanquished Creatures
  A black bear (D:6)
  A necrophage (D:5)
  An ogre (D:4)
  A phantom (D:4)
  A kobold brigand (D:6)
  2 lemures (D:4)
  A gnoll sergeant (D:3)
  A wyvern skeleton (D:6)
  A water moccasin skeleton (D:5)
  6 hounds
  2 jellies
  3 orc priests
  3 gnoll shamans
  A bullfrog skeleton (D:4)
  2 iguanas
  4 orc wizards
  2 hound skeletons (D:4)
  19 gnolls
  5 adders
  A shadow imp (D:5)
  2 ufetubi
  2 adder skeletons (D:4)
  3 dart slugs
  15 orcs
  6 ball pythons
  2 bats (D:3)
  7 endoplasms
  2 giant cockroaches
  5 goblins
  3 hobgoblins
  3 jackals (D:3)
  A quokka (D:2)
  4 frilled lizards
  8 kobolds
  5 rats
126 creatures vanquished.

Notes
Turn   | Place    | Note
-------+----------+-------------------------------------------
     0 | D:1      | kae the Draconian Transmuter began the quest for the Orb.
     0 | D:1      | Reached XP level 1. HP: 16/16 MP: 3/3
   288 | D:1      | Reached XP level 2. HP: 20/23 MP: 3/5
   575 | D:1      | Found Jugocoj's Antique Armour Shop.
   958 | D:2      | Reached skill level 3 in Transmutations
  1041 | D:2      | Reached XP level 3. HP: 28/28 MP: 4/6
  1049 | D:2      | Learned a level 3 spell: Spider Form
  2034 | D:3      | Reached skill level 1 in Poison Magic
  2034 | D:3      | Reached XP level 4. HP: 32/35 MP: 3/8
  2111 | D:3      | Learned a level 4 spell: Ice Form
  2285 | D:3      | Noticed a gnoll sergeant
  2614 | D:3      | Killed a gnoll sergeant
  2615 | D:3      | Reached skill level 4 in Transmutations
  2615 | D:3      | Reached skill level 1 in Ice Magic
  2615 | D:3      | Reached XP level 5. HP: 17/40 MP: 5/9
  4041 | D:4      | Reached XP level 6. HP: 44/47 MP: 9/11
  4420 | D:4      | Reached skill level 5 in Transmutations
  4803 | D:4      | Your scales start taking on a fiery red colour.
  4803 | D:4      | Reached XP level 7. HP: 34/52 MP: 8/12
  4803 | D:4      | Gained mutation: Your flesh is heat resistant. (rF+) [Red
                  | Draconian growth]
  5082 | D:4      | Found a runed translucent door.
  5085 | D:4      | Noticed Hasart's ghost (amateur OpFi)
  5092 | D:4      | Noticed Pikel
  5928 | D:5      | Entered Level 5 of the Dungeon
  5928 | D:5      | Found an ornate altar of the Wu Jian Council.
  6068 | D:5      | Found an ancient bone altar of Kikubaaqudgha.
  6233 | D:5      | Reached skill level 6 in Transmutations
  6395 | D:5      | Found a staircase to the Ecumenical Temple.
  6428 | D:5      | Found a shimmering altar of Xom.
  6428 | D:5      | Found a shimmering altar of Xom.
  6428 | D:5      | Found a shimmering altar of Xom.
  6432 | D:5      | Found a shimmering altar of Xom.
  6437 | D:5      | Reached XP level 8. HP: 59/59 MP: 11/14
  6607 | D:5      | Found a shimmering altar of Xom.
  6609 | D:5      | Found a shimmering altar of Xom.
  6644 | Temple   | Entered the Ecumenical Temple
  6920 | D:5      | Found a shimmering altar of Xom.
  7214 | D:6      | Found Fuakhlish's Antique Armour Emporium.
  7400 | D:6      | Reached skill level 7 in Transmutations
  7697 | D:6      | Reached skill level 5 in Ice Magic
  7951 | D:6      | Noticed Maggie
  7965 | D:6      | HP: 2/70 [Maggie/bolt of fire (22)]
  7966 | D:6      | Mangled by Maggie

Illustrated notes

Levels and vault maps discovered:
D:1:      heliophobic_arrival_enchanted_forest, layout_loops_ring, serial_shops,
          nicolae_shop_hallway_plus, hangedman_decor_growths,
          minmay_misc_feat_iff, minmay_tetromino_s2
D:2:      layout_loops_cross
D:3:      layout_basic
D:4:      layout_basic, ebering_ghost_inner_flame, interstate_on_off, uniq_pikel
D:5:      layout_rooms, nicolae_xom_altar_mimics,
          chequers_temple_overflow_statue_of_worship, minmay_temple_entry_waves
D:6:      layout_gridville, serial_shops, nicolae_shop_waterfront, uniq_maggie
Temple:   nicolae_temple_x_marks_the_god

Skill      XL: |  1  2  3  4  5  6  7  8 |
---------------+-------------------------+-----
Transmutations | 3 4 5 6 7 |  7.3
Poison Magic   | 1 |  1.0
Spellcasting   | 3 4 |  4.9
Ice Magic      | 1 2 3 4 5 |  5.0
Fighting       | |  1.1
Dodging        | |  1.8
Unarmed Combat | |  3.0

Action                   |  1- 3 |  4- 6 |  7- 9 || total
-------------------------+-------+-------+-------++-------
Melee: Unarmed           |    66 |   116 |   244 ||   426
       Headbutt          |     5 |     3 |       ||     8
       Kick              |     8 |     5 |       ||    13
       Punch             |     1 |     1 |       ||     2
       Tailslap          |     7 |     6 |     8 ||    21
 Cast: Beastly Appendage |    20 |    11 |       ||    31
       Spider Form       |     3 |    15 |    10 ||    28
       Ice Form          |       |     3 |    12 ||    15
 Abil: Breathe Fire      |       |       |     1 ||     1
  Use: Scroll            |     7 |       |     5 ||    12
 Stab: Sleeping          |     1 |     2 |       ||     3
       Distracted        |       |     1 |       ||     1
Armor: Skin              |    17 |    14 |    92 ||   123
Dodge: Dodged            |    43 |    95 |   174 ||   312

Table legend: (Time is in decaauts)
 A = Elapsed time spent in this place.
 B = Non-inter-level travel time spent in this place.
 C = Inter-level travel time spent in this place.
 D = Time resting spent in this place.
 E = Time spent auto-exploring this place.
 F = Levels seen in this place.
 G = Mean time per level.
                   A        B        C        D        E       F      G
               +--------+--------+--------+--------+--------+-----+--------+
         Total |   7949 |   7737 |    212 |   1387 |   5188 |   7 | 1135.6 |
       Dungeon |   7891 |   7687 |    204 |   1387 |   5142 |   6 | 1315.2 |
        Temple |     58 |     50 |      8 |      0 |     46 |   1 |   58.0 |
               +--------+--------+--------+--------+--------+-----+--------+

Top non-repeatable levels by time:
     D:4: 2018 daAuts
     D:2: 1992 daAuts
     D:3: 1146 daAuts
     D:6: 937 daAuts
     D:5: 900 daAuts
     D:1: 895 daAuts
  Temple: 58 daAuts
